 Dungeon Crawl Stone Soup version 0.29-a0-231-g945431f764 (webtiles) character file.

Game seed: 8373557936961631454

441 siradein the Chopper (level 7, -4/60 HPs)
             Began as a Hill Orc Gladiator on Feb 28, 2022.
             Slain by an ogre
             ... wielding a +0 giant club
              (23 damage)
             ... on level 5 of the Dungeon.
             The game lasted 00:07:17 (4134 turns).

siradein the Chopper (Hill Orc Gladiator)           Turns: 4134, Time: 00:07:18

Health: -4/60      AC:  5    Str: 17    XL:     7   Next: 2%
Magic:  7/7        EV: 13    Int:  8    God:
Gold:   196        SH:  0    Dex: 14    Spells: 6/6 levels left

rFire   + . .      SeeInvis +   a - +0 war axe
rCold   . . .      Faith    .   (no shield)
rNeg    . . .      Spirit   .   A - +1 leather armour {rF+}
rPois   .          Reflect  .   c - +0 helmet
rElec   .          Harm     .   (no cloak)
rCorr   .          Rampage  .   (no gloves)
Will    .....                   (no boots)
Stlth   +.........              (no amulet)
HPRegen 0.20/turn               n - ring of see invisible
MPRegen 0.10/turn               (no ring)

@: no status effects
A: no striking features
a: no special abilities


You were on level 5 of the Dungeon.
You visited 1 branch of the dungeon, and saw 5 of its levels.

You collected 196 gold pieces.

Inventory:

Hand Weapons
 a - a +0 war axe (weapon)
Missiles
 d - 3 throwing nets (quivered)
Armour
 c - a +0 helmet (worn)
 A - a +1 leather armour of fire resistance (worn)
Jewellery
 n - a ring of see invisible (left hand)
 v - an amulet of faith
Scrolls
 b - a scroll of enchant weapon {unknown}
 g - a scroll of fog {unknown}
 h - 2 scrolls of teleportation {unknown}
 i - 2 scrolls of enchant armour {unknown}
 j - 2 scrolls of identify {unknown}
 k - 2 scrolls of fear {unknown}
 p - a scroll of torment {unknown}
 t - 2 scrolls of magic mapping {unknown}
 u - 3 scrolls of immolation {unknown}
 w - a scroll of blinking {unknown}
 x - a scroll of silence {unknown}
 y - 3 scrolls of acquirement {unknown}
Potions
 e - 2 potions of heal wounds {unknown}
 f - a potion of invisibility {unknown}
 l - 2 potions of might {unknown}
 q - 2 potions of flight {unknown}
 r - a potion of degeneration {unknown}
 s - a potion of curing {unknown}
 z - a potion of haste {unknown}


   Skills:
 + Level 4.4 Fighting
 + Level 5.7 Axes
 + Level 3.2 Throwing
 + Level 3.1 Armour
 + Level 3.5 Dodging


You had 6 spell levels left.
You didn't know any spells.
Your spell library contained the following spells:

 Spells                   Type           Power      Damage    Failure   Level
 Dazzling Flash           Conj/Hex       0%         N/A       83%         3
 Agony                    Necr           0%         N/A       100%        5
 Silence                  Hex/Air        0%         N/A       100%        5


Dungeon Overview and Level Annotations

Branches:
Dungeon (5/15)
 Temple: D:4-7

Altars:
Ashenzari
Gozag

Shops:
D:3 *


Message History

Throw: 4 throwing nets
Press: ? - help, Q - select action Shift-Dir - straight line, f - ogre
Aim: an ogre, wielding a +0 giant club (76% to hit)
You throw a throwing net. The throwing net hits the ogre.
The ogre is caught in the net!
The ogre struggles against the net.
The ogre struggles against the net.
The ogre struggles against the net.
The ogre struggles against the net.
You slash the ogre!
The ogre is moderately wounded.
The ogre struggles against the net.
The net rips apart, and the ogre comes free!
You slash the ogre!
The ogre is heavily wounded.
The ogre closely misses you.
You hit the ogre.
The ogre is heavily wounded.
The ogre hits you with a +0 giant club!
You slash the ogre!
The ogre is almost dead.
The ogre misses you.
You barely miss the ogre.
The ogre is almost dead.
An iguana comes into view.
The ogre hits you with a +0 giant club!
You completely miss the ogre.
The ogre is almost dead.
The ogre hits you with a +0 giant club!!
You are too injured to fight recklessly!
You are too injured to fight recklessly!
You are too injured to fight recklessly!
You barely miss the ogre.
The ogre is almost dead.
The iguana hisses angrily.
The ogre closely misses you.
You hit the ogre.
The ogre is almost dead.
The ogre hits you with a +0 giant club!!
You die...

. ## .. ... .#.
#.# .... #.#
.....#####.# .
..)...O.##(###...
#. #@.#........
..
.####...###.../
... ..
##...l..... ...
#.##...###....
... #.#..#.# #.
#. .#.#
#...##.#... ....
##..##...# ....##
#..#..## .#..<###
##.....##.#


You could see an ogre and an iguana.

Vanquished Creatures
  An ogre (D:5)
  A necrophage (D:4)
  2 orc priests
  An iguana (D:3)
  2 orc wizards (D:4)
  5 adders
  A dart slug (D:2)
  10 orcs
  11 endoplasms
  2 giant cockroaches
  14 hobgoblins
  4 jackals (D:1)
  4 quokkas
  6 ball pythons
  4 bats
  3 frilled lizards
  18 goblins
  6 kobolds
  7 rats
102 creatures vanquished.

Vanquished Creatures (others)
  A plant (D:4)
1 creature vanquished.

Grand Total: 103 creatures vanquished

Notes
Turn   | Place    | Note
-------+----------+-------------------------------------------
     0 | D:1      | siradein the Hill Orc Gladiator began the quest for the
                  | Orb.
     0 | D:1      | Reached XP level 1. HP: 18/18 MP: 1/1
   277 | D:1      | Reached XP level 2. HP: 23/25 MP: 2/2
   694 | D:1      | Reached skill level 1 in Armour
   702 | D:1      | Reached XP level 3. HP: 18/30 MP: 3/3
  1516 | D:2      | Reached XP level 4. HP: 36/38 MP: 4/4
  1663 | D:2      | Found a faded altar of an unknown god.
  2176 | D:3      | Reached XP level 5. HP: 12/45 MP: 5/5
  2446 | D:3      | Found Gozag's Platinum Reserve.
  2447 | D:3      | Found an opulent altar of Gozag.
  2653 | D:3      | Reached skill level 5 in Axes
  3218 | D:4      | Reached XP level 6. HP: 47/52 MP: 6/6
  3947 | D:4      | Noticed a black bear
  3947 | D:4      | Noticed a black bear
  4020 | D:5      | Entered Level 5 of the Dungeon
  4046 | D:5      | Found a broken altar of Ashenzari.
  4099 | D:5      | Reached XP level 7. HP: 58/60 MP: 7/7
  4134 | D:5      | Slain by an ogre

Illustrated notes

Levels and vault maps discovered:
D:1:      dpeg_arrival_pits, layout_basic
D:2:      layout_rooms, ebering_ecumenical_altar_abandoned, minmay_pentomino_p4
D:3:      layout_rooms, nicolae_gozag_zags_fifth_avenue,
          kennysheep_generic_room_13
D:4:      kennysheep_the_goblin_king, layout_cave_pools, serial_bayou_crossing
D:5:      layout_rooms, nicolae_ashenzari_skybound, minmay_misc_feat_tower

Skill      XL: |  1  2  3  4  5  6 |
---------------+-------------------+-----
Throwing       | 2 3 |  3.2
Armour         | 1 2 3 |  3.1
Fighting       | 3 4 |  4.4
Dodging        | 3 |  3.5
Axes           | 5 |  5.7

Action                   |  1- 3 |  4- 6 |  7- 9 || total
-------------------------+-------+-------+-------++-------
Melee: War axe           |   100 |   177 |     8 ||   285
       Punch             |     1 |       |       ||     1
Throw: Dart              |       |     2 |       ||     2
       Throwing net      |       |       |     1 ||     1
Armor: Leather armour    |    27 |       |       ||    27
       Ring mail         |     1 |    81 |       ||    82
Dodge: Dodged            |    77 |   102 |     3 ||   182

Table legend: (Time is in decaauts)
 A = Elapsed time spent in this place.
 B = Non-inter-level travel time spent in this place.
 C = Inter-level travel time spent in this place.
 D = Time resting spent in this place.
 E = Time spent auto-exploring this place.
 F = Levels seen in this place.
 G = Mean time per level.
                   A        B        C        D        E       F      G
               +--------+--------+--------+--------+--------+-----+--------+
         Total |   4212 |   4130 |     82 |    469 |   2794 |   5 |  842.4 |
       Dungeon |   4212 |   4130 |     82 |    469 |   2794 |   5 |  842.4 |
               +--------+--------+--------+--------+--------+-----+--------+

Top non-repeatable levels by time:
     D:1: 1393 daAuts
     D:3: 1226 daAuts
     D:2: 768 daAuts
     D:4: 708 daAuts
     D:5: 115 daAuts
